 Dungeon Crawl Stone Soup version 0.28.0-45-g0d030f2227 (webtiles) character file.

Game seed: 7700942905558259097

212 gohu the Chopper (level 5, -8/47 HPs)
             Began as a Minotaur Fighter on May 1, 2022.
             Killed by divine providence
             ... invoked by an orc priest
              (12 damage)
             ... on level 4 of the Dungeon.
             The game lasted 00:05:43 (2097 turns).

gohu the Chopper (Minotaur Fighter)                 Turns: 2097, Time: 00:05:45

Health: -8/47      AC: 13    Str: 22    XL:     5   Next: 58%
Magic:  4/4        EV:  6    Int:  5    God:
Gold:   122        SH:  0    Dex: 10    Spells: 2/4 levels left

rFire   . . .      SeeInvis .   a - +0 war axe
rCold   . . .      Faith    .   c - +0 buckler
rNeg    . . .      Spirit   .   e - +0 plate armour
rPois   .          Reflect  .   (helmet restricted)
rElec   .          Harm     .   (no cloak)
rCorr   .          Rampage  .   n - +0 pair of gloves
Will    .....                   (no boots)
Stlth   ..........              (no amulet)
HPRegen 0.15/turn               (no ring)
MPRegen 0.09/turn               (no ring)

@: confused, mighty
A: horns 2, retaliatory headbutt
a: no special abilities


You were on level 4 of the Dungeon.
You visited 1 branch of the dungeon, and saw 5 of its levels.

You collected 122 gold pieces.

Inventory:

Hand Weapons
 a - a +0 war axe (weapon)
Armour
 b - a +0 scale mail
 c - a +0 buckler (worn)
 e - a +0 plate armour (worn)
 n - a +0 pair of gloves (worn)
 p - a +0 chain mail
Jewellery
 q - a ring of magical power
Wands
 o - a wand of digging (1)
Scrolls
 f - 2 scrolls of teleportation {unknown}
 k - 5 scrolls of identify {unknown}
 l - a scroll of vulnerability {unknown}
Potions
 g - a potion of berserk rage {unknown}
 h - 2 potions of mutation {unknown}
 i - 2 potions of brilliance {unknown}
 j - 3 potions of heal wounds {unknown}
 m - a potion of haste {unknown}


   Skills:
 + Level 4.4 Fighting
 * Level 5.6 Axes
 + Level 5.0 Armour
 - Level 3.7 Shields


You had 2 spell levels left.
You knew the following spells:

 Your Spells              Type           Power      Damage    Failure   Level
a - Passwall              Tmut/Erth      0%         N/A       100%        2

Your spell library contained the following spells:

 Spells                   Type           Power      Damage    Failure   Level
 Magic Dart               Conj           0%         1d3       100%        1
 Ensorcelled Hibernation  Hex/Ice        0%         N/A       100%        2
 Searing Ray              Conj           0%         2d4       100%        2
 Ozocubu's Armour         Ice            0%         N/A       100%        3
 Swiftness                Air            0%         N/A       100%        3
 Animate Dead             Necr           0%         N/A       100%        4
 Fulminant Prism          Conj/Hex       0%         3d6       100%        4
 Metabolic Englaciation   Hex/Ice        0%         N/A       100%        5
 Simulacrum               Ice/Necr       0%         N/A       100%        6
 Haunt                    Necr/Summ      0%         N/A       100%        7
 Infestation              Necr           0%         N/A       100%        8


Dungeon Overview and Level Annotations

Branches:
Dungeon (5/15)
 Temple: D:4-7

Altars:


Innate Abilities, Weirdness & Mutations

You have a pair of horns on your head.
You reflexively headbutt those who attack you in melee.


Message History

* * * LOW HITPOINT WARNING * * *
The orc wizard hits you but does no damage.
The orc hits you with a +0 hand axe.
* * * LOW HITPOINT WARNING * * *
The orc priest looks satisfied for a moment.
The orc wizard mumbles some strange words.
The orc wizard flickers and vanishes!
Deactivating autopickup; reactivate with Ctrl-A.
The orc hits you but does no damage.
You bump into the rock wall.
You bump into the rock wall.
The orc priest invokes the aid of Beogh against you.
You barely resist.
You bump into the rock wall.
The orc priest hits you but does no damage.
You barely miss something. You closely miss the orc priest.
You feel less confused.
The orc priest hits you but does no damage.
You hear some strange, mumbled words.
You are confused.
An orc comes into view. It is wielding a +0 club.
You bump into the rock wall.
The orc priest hits you with a +0 whip.
* * * LOW HITPOINT WARNING * * *
Something hits you but does no damage.
You bump into the rock wall.
The orc priest hits you with a +0 whip.
* * * LOW HITPOINT WARNING * * *
Something hits you but does no damage.
You bump into the rock wall.
The orc priest looks satisfied for a moment.
You hear some strange, mumbled words.
Something tries to affect you, but you resist.
The orc hits you but does no damage.
You slash the orc!
You kill the orc!
You miss something. You miss the orc priest.
The orc priest hits you but does no damage.
Something hits you but does no damage.
The orc priest mumbles some strange prayers to Beogh against you.
Beogh smites you!
You die...

.#........# #.##.#
..........# ####.##.#
............ ....##.#
.###..####...####..##.#
.###..#..o
........##.######
..........
..o.....).........
..........
.####..##.#######
..##.........####oo##...
..# ...........@....####
... ....##.####o##.#
.... .## .....# .... ..
...##.# ..##. . ...# #
#. #...# #####


You could see an orc priest and 2 orcs.

Vanquished Creatures
  2 jellies (D:4)
  A centaur skeleton (D:3)
  Terence (D:3)
  An orc wizard (D:4)
  A hound skeleton (D:4)
  An adder (D:4)
  An ufetubus (D:4)
  An adder skeleton (D:4)
  A dart slug (D:1)
  7 orcs
  4 endoplasms
  A giant cockroach (D:2)
  3 goblins
  4 hobgoblins
  4 quokkas
  2 ball pythons
  7 bats
  3 kobolds
  2 rats
47 creatures vanquished.

Notes
Turn   | Place    | Note
-------+----------+-------------------------------------------
     0 | D:1      | gohu the Minotaur Fighter began the quest for the Orb.
     0 | D:1      | Reached XP level 1. HP: 19/19 MP: 0/0
   220 | D:1      | Found a faded altar of an unknown god.
   223 | D:1      | Reached XP level 2. HP: 27/27 MP: 1/1
   919 | D:3      | Noticed Terence
   934 | D:3      | Killed Terence
   935 | D:3      | Reached XP level 3. HP: 25/33 MP: 2/2
  1267 | D:4      | Reached XP level 4. HP: 23/40 MP: 3/3
  1505 | D:4      | Noticed a two-headed ogre
  1637 | D:4      | Learned a level 2 spell: Passwall
  1671 | D:4      | Reached XP level 5. HP: 37/47 MP: 4/4
  1676 | D:4      | Reached skill level 5 in Axes
  1841 | D:4      | Reached skill level 5 in Armour
  1907 | D:5      | Entered Level 5 of the Dungeon
  2097 | D:4      | Killed from afar by an orc priest

Illustrated notes

Levels and vault maps discovered:
D:1:      amcnicky_arrival_wind_blow, layout_basic,
          chequers_ecumenical_altar_island, minmay_misc_feat_five,
          minmay_misc_feat_more_columns
D:2:      layout_rooms, minmay_misc_feat_roman
D:3:      layout_rooms, uniq_terence
D:4:      layout_basic, temple_statues, grunt_ministairs_9, uniq_ijyb
D:5:      layout_loops_ring

Skill      XL: |  1  2  3  4  5 |
---------------+----------------+-----
Armour         | 4 5 |  5.0
Axes           | 3 4 5 |  5.6
Fighting       | 4 |  4.4
Shields        | |  3.7

Action                   |  1- 3 |  4- 6 || total
-------------------------+-------+-------++-------
Melee: War axe           |    66 |    53 ||   119
       Headbutt          |     4 |    12 ||    16
  Use: Potion            |     1 |     1 ||     2
Armor: Plate armour      |    56 |    46 ||   102
       Scale mail        |     1 |       ||     1
Dodge: Dodged            |    28 |    17 ||    45
Block: Buckler           |    22 |     8 ||    30
